 Dungeon Crawl Stone Soup version 0.23.2-40-g277498a001 (webtiles) character file.

Game seed: 11523367076963800742

101 Descartes the Insei (level 4, 0/22 HPs)
             Began as a Vine Stalker Transmuter on Aug 24, 2019.
             Splashed by a jelly's acid (2 damage)
             ... on level 2 of the Dungeon.
             The game lasted 00:05:45 (2023 turns).

Descartes the Insei (Vine Stalker Transmuter)       Turns: 2023, Time: 00:05:46

Health: 0/22       AC:  0    Str: 12    XL:     4   Next: 75%
Magic:  0/8        EV: 13    Int: 14    God:
Gold:   86         SH:  0    Dex: 20    Spells: 5/8 levels left

rFire    . . .     SeeInvis +   a - +0 dagger (vamp)
rCold    . . .     Gourm    .   (no shield)
rNeg     . . .     Faith    .   i - +0 robe
rPois    .         Spirit   +   (no helmet)
rElec    .         Reflect  .   (no cloak)
rCorr    .         Harm     .   (no gloves)
MR       .....                  e - +0 pair of boots
Stlth    ++........             (no amulet)
HPRegen  0.47/turn              k - +5 ring of dexterity
MPRegen  0.11/turn              p - ring of see invisible

@: corroded
A: fangs 2, regeneration 1, magic shield, antimagic bite, no potion heal 3, rot
immunity
a: no special abilities


You were on level 2 of the Dungeon.
You were not hungry.

You visited 1 branch of the dungeon, and saw 2 of its levels.

You collected 86 gold pieces.

Inventory:

Hand Weapons
 a - a +0 vampiric dagger (weapon)
 d - a +0 hunting sling
 u - a +0 dagger of draining
Missiles
 f - 37 arrows
 m - 19 stones (quivered)
 n - 18 sling bullets
 q - 23 bolts
Armour
 e - a +0 pair of boots (worn)
 i - a +0 robe (worn)
Jewellery
 k - a +5 ring of dexterity (left hand)
 p - a ring of see invisible (right hand)
Scrolls
 g - 2 scrolls of identify {unknown}
 h - 2 scrolls of fog {unknown}
 j - 3 scrolls of remove curse {unknown}
 r - a scroll of teleportation {unknown}
 s - a scroll of amnesia {unknown}
 t - a scroll of enchant weapon {unknown}
Potions
 c - a potion of flight {unknown}
 l - 2 potions of heal wounds {unknown}
Comestibles
 b - 2 rations
 o - 5 chunks of flesh


   Skills:
 + Level 1.4 Fighting
 + Level 0.6 Short Blades
 + Level 1.0 Armour
 + Level 1.9 Dodging
 + Level 1.6 Stealth
 * Level 3.6 Unarmed Combat
 + Level 2.6 Spellcasting
 + Level 2.4 Transmutations


You had 5 spell levels left.
You knew the following spells:

 Your Spells              Type           Power        Failure   Level  Hunger
a - Beastly Appendage     Tmut           #.....       9%          1    #......
b - Sticks to Snakes      Tmut           #.......     13%         2    ###....

Your spell library contained the following spells:

 Spells                   Type           Power        Failure   Level  Hunger
 Spider Form              Tmut/Pois      #.........   38%         3    ###....
 Ice Form                 Ice/Tmut       #.......     80%         4    #####..
 Blade Hands              Tmut           #.........   93%         5    ######.


Dungeon Overview and Level Annotations

Branches:
Dungeon (2/15)

Altars:
Fedhas
Wu Jian
Zin


Innate Abilities, Weirdness & Mutations

You have extremely sharp teeth.
Your natural rate of healing is unusually fast.
When hurt, damage is shared between your health and your magic reserves.
Your bite disrupts and absorbs the magic of your enemies.
Potions cannot restore your health.
You are immune to rotting.


Message History

The jelly hits you but does no damage.
You hit the jelly.
You feel better. The acid corrodes you!
Your hands burn!
The jelly is heavily wounded.
The jelly misses you.
You hit the jelly but do no damage.
Your hands burn!
You bite the jelly, but do no damage.
The jelly is heavily wounded.
The jelly hits you.
You are splashed with acid.
You hit the jelly but do no damage.
Your hands burn!
You bite the jelly. You drain its power.
You feel invigorated.
The jelly is severely wounded.
The jelly barely misses you.
You hit the jelly.
Your hands burn!
You bite the jelly, but do no damage.
The jelly is almost dead.
The jelly hits you.
* * * LOW HITPOINT WARNING * * *
You are splashed with acid.
* * * LOW HITPOINT WARNING * * *
You hit the jelly but do no damage.
Your hands burn!
You die...

#.# ##.....## #.#
#.......# #.#
#.......# #.#
#.......# ##÷###
#.......# #....#
####....#
#..#####..'..[.#
####..####.########
#...÷...###..)@JJ##
#.##..###
#######J##
###.##..#
.P.÷..÷..#
........#
J...JPJ.J#
###.##..#
J÷.÷J÷.P.# #.###.#
..÷P..J.J# #÷# #.#
..÷.J..P.# #÷# #.#
[.....J..#
#)###.###
##########


You could see a jelly and 2 oozes.

Vanquished Creatures
  3 adders (D:2)
  3 worms (D:2)
  A dart slug (D:2)
  A ball python (D:1)
  5 bats
  8 giant cockroaches (D:1)
  6 goblins
  6 hobgoblins
  12 kobolds
  4 quokkas (D:2)
  6 frilled lizards
  7 rats
62 creatures vanquished.

Vanquished Creatures (others)
  9 toadstools (D:2)
9 creatures vanquished.

Grand Total: 71 creatures vanquished

Notes
Turn   | Place    | Note
-------+----------+-------------------------------------------
     0 | D:1      | Descartes the Vine Stalker Transmuter began the quest for
                  | the Orb.
     0 | D:1      | Reached XP level 1. HP: 9/9 MP: 4/4
   190 | D:1      | Reached skill level 1 in Fighting
   228 | D:1      | Reached XP level 2. HP: 14/14 MP: 4/6
   299 | D:1      | Reached skill level 1 in Stealth
   436 | D:1      | Reached XP level 3. HP: 18/18 MP: 7/7
   757 | D:1      | Learned a level 2 spell: Sticks to Snakes
  1561 | D:2      | Found a blossoming altar of Fedhas.
  1563 | D:2      | Found an ornate altar of the Wu Jian Council.
  1576 | D:2      | Gained mutation: Your natural rate of healing is unusually
                  | fast. [Vine Stalker growth]
  1576 | D:2      | Reached XP level 4. HP: 17/22 MP: 4/8
  1640 | D:2      | Reached skill level 1 in Armour
  1826 | D:2      | Found a glowing silver altar of Zin.
  2023 | D:2      | Splashed by a jelly's acid

Skill      XL: |  1  2  3  4 |
---------------+-------------+-----
Fighting       | 1 |  1.4
Stealth        | 1 |  1.6
Armour         | 1 |  1.0
Short Blades   | |  0.6
Dodging        | |  1.9
Unarmed Combat | |  3.6
Spellcasting   | |  2.6
Transmutations | |  2.4

Action                   |  1- 3 |  4- 6 || total
-------------------------+-------+-------++-------
Melee: Unarmed           |    29 |       ||    29
       Bite              |    20 |    26 ||    46
       Dagger            |    77 |    61 ||   138
 Stab: Sleeping          |     8 |     2 ||    10
       Distracted        |     2 |       ||     2
  Eat: Chunk             |     2 |     2 ||     4
       Ration            |       |     2 ||     2
Armor: Robe              |    18 |    15 ||    33
Dodge: Dodged            |    55 |    44 ||    99
